 Dungeon Crawl Stone Soup version 0.18.1-8-gdd0e5ea (webtiles) character file.

782 Lathuz the Cudgeler (level 7, -5/41 HPs)
             Began as a Gargoyle Fighter on May 24, 2016.
             Was an Initiate of Okawaru.
             Slain by an orc warrior
             ... wielding a +0 hand axe
              (7 damage)
             ... on level 6 of the Dungeon.
             The game lasted 00:09:57 (5872 turns).

Lathuz the Cudgeler (Gargoyle Fighter)              Turns: 5872, Time: 00:09:58

Health: -5/41      AC: 11    Str: 19    XL:     7   Next: 86%
Magic:  7/7        EV:  7    Int:  9    God:    Okawaru [......]
Gold:   191        SH: 10    Dex: 11    Spells: 0 memorised, 6 levels left

rFire  . . .     SeeInvis .     a - +0 flail
rCold  . . .     Gourm    .     b - +0 scale mail
rNeg   + . .     Faith    .     c - +0 shield
rPois  ∞         Spirit   .     (no helmet)
rElec  +         Dismiss  .     (no cloak)
rCorr  .         Reflect  .     (no gloves)
SustAt .         Harm     .     (no boots)
MR     .....                    (no amulet)
Stlth  ..........               (no ring)
                                (no ring)

@: not resistant to hostile enchantments, extremely unstealthy
A: negative energy resistance 1, electricity resistance, unbreathing,
petrification resistance, rot immunity, AC +4
a: Renounce Religion


You were on level 6 of the Dungeon.
You worshipped Okawaru.
Okawaru was noncommittal.
You were not hungry.

You visited 2 branches of the dungeon, and saw 7 of its levels.

You collected 191 gold pieces.

Inventory:

Hand Weapons
 a - a +0 flail (weapon)
Missiles
 p - 53 stones (quivered)
Armour
 b - a +0 scale mail (worn)
 c - a +0 shield (worn)
Jewellery
 q - a cursed -5 ring of dexterity {unknown}
 y - an uncursed ring of magical power {unknown}
Wands
 A - a wand of lightning (4/15)
Scrolls
 e - a scroll of fear {unknown}
 g - 2 scrolls of enchant weapon {unknown}
 h - a scroll of identify {unknown}
 i - 2 scrolls of remove curse {unknown}
 j - a scroll of amnesia {unknown}
 k - a scroll of blinking {unknown}
 l - 2 scrolls of recharging {unknown}
 o - 3 scrolls of teleportation
 r - a scroll of immolation {unknown}
Potions
 d - 2 potions of might
 m - a potion of mutation {unknown}
 n - a potion of ambrosia {unknown}
 u - a potion of lignification {unknown}
 v - a potion of degeneration {unknown}
 w - 2 potions of cancellation {unknown}
 z - a potion of invisibility {unknown}
Comestibles
 f - 6 bread rations
 s - 4 fruits
 t - 3 meat rations
 x - 2 slices of pizza


   Skills:
 - Level 3.2 Fighting
 * Level 7.0 Maces & Flails
 - Level 3.2 Armour
 + Level 6.4 Shields


You had 6 spell levels left.
You didn't know any spells.

Dungeon Overview and Level Annotations

Branches:
Dungeon (6/15)             Temple (1/1) D:5

Altars:
Fedhas
Gozag
Nemelex Xobeh
Okawaru
Pakellas
Ru
Vehumet


Innate Abilities, Weirdness & Mutations

You are resistant to torment.
Your stone body is resilient (AC +4).
You are immune to poison.
You resist negative energy.
You are resistant to electric shocks.
You can survive without breathing.
You are immune to petrification.
You are immune to rotting.


Message History

a flail; a leather armour; an orc corpse You barely miss the orc wizard.
The orc wizard hits you but does no damage.
The orc warrior hits you with a hand axe!
You are too injured to fight recklessly!
You are too injured to fight recklessly!
You are too injured to fight recklessly!
You closely miss the orc wizard.
The orc wizard hits you but does no damage.
The orc warrior hits you with a hand axe!
You closely miss the orc wizard. You block the orc wizard's attack.
The orc priest hits you but does no damage.
The orc warrior hits you with a hand axe!
* * * LOW HITPOINT WARNING * * *
The orc wizard gestures at you while chanting.
The magic dart hits you!
* * * LOW HITPOINT WARNING * * *
You closely miss the orc wizard. You block the orc priest's attack.
The orc warrior hits you with a hand axe!
You die...

##. #### #.. # ..#
#.# #. #.####.#
#.###.#.##.# ..
......#.#.# #
#..#.#..##..####..#
#...ooo..##..<....#
#@o.#.########
##...## .........#
########.# .5# ....
...## o... o..##


You could see an orc warrior, an orc priest, an orc wizard, a shadow imp and an
orc.

Vanquished Creatures
  The ghost of Lathuz the Conjurer, an amateur DECj (D:3)
  A sky beast (D:5)
  An ogre (D:5)
  A centaur zombie (D:5)
  3 orc wizards
  Jessica (D:3)
  An iguana (D:4)
  Terence (D:3)
  2 worker ants
  A killer bee zombie (D:5)
  2 hound zombies (D:5)
  Robin (D:3)
  4 adders
  A shadow imp (D:5)
  3 oozes
  A worm (D:4)
  5 dart slugs (D:1)
  2 giant geckos
  14 orcs
  3 ball pythons
  12 giant cockroaches
  15 goblins
  8 hobgoblins
  17 jackals
  A quokka (D:3)
  10 bats
  6 giant newts
  3 kobolds
  A quokka zombie (D:5)
  7 rats
129 creatures vanquished.

Notes
Turn   | Place    | Note
--------------------------------------------------------------
     0 | D:1      | Lathuz the Gargoyle Fighter began the quest for the Orb.
     0 | D:1      | Reached XP level 1. HP: 14/14 MP: 1/1
    85 | D:1      | Reached XP level 2. HP: 14/19 MP: 2/2
   532 | D:1      | Reached XP level 3. HP: 23/23 MP: 3/3
   924 | D:1      | Reached skill level 3 in Maces & Flails
  1347 | D:2      | Reached XP level 4. HP: 28/28 MP: 4/4
  1969 | D:2      | Found a sacrificial altar of Ru.
  2374 | D:3      | Noticed Jessica
  2380 | D:3      | Noticed Lathuz's ghost (amateur DECj)
  2848 | D:3      | Noticed Terence
  2865 | D:3      | Killed Terence
  2865 | D:3      | Reached skill level 4 in Maces & Flails
  2865 | D:3      | Reached XP level 5. HP: 28/32 MP: 5/5
  2922 | D:3      | Killed Lathuz's ghost
  2922 | D:3      | Reached skill level 5 in Shields
  2922 | D:3      | Reached XP level 6. HP: 30/37 MP: 6/6
  3012 | D:3      | Reached skill level 5 in Maces & Flails
  3177 | D:3      | Noticed Robin
  3216 | D:3      | Killed Robin
  3250 | D:3      | Killed Jessica
  3893 | D:4      | Found a sparkling altar of Nemelex Xobeh.
  3897 | D:4      | Found a blossoming altar of Fedhas.
  3898 | D:4      | Found a radiant altar of Vehumet.
  3907 | D:4      | Found an oddly glowing altar of Pakellas.
  3910 | D:4      | Found an opulent altar of Gozag.
  4696 | D:5      | Entered Level 5 of the Dungeon
  4747 | D:5      | Reached XP level 7. HP: 37/41 MP: 7/7
  4769 | D:5      | Reached skill level 6 in Maces & Flails
  5348 | D:5      | Reached skill level 7 in Maces & Flails
  5440 | D:5      | Found a staircase to the Ecumenical Temple.
  5459 | Temple   | Entered the Ecumenical Temple
  5468 | Temple   | Became a worshipper of Warmaster Okawaru
  5871 | D:6      | HP: 2/41 [orc wizard/magic dart (1)]
  5872 | D:6      | Slain by an orc warrior

Skill      XL: |  1  2  3  4  5  6  7 |
---------------+----------------------+-----
Shields        | 4 5 6 |  6.4
Maces & Flails | 3 4 5 7 |  7.0
Fighting       | |  3.2
Armour         | |  3.2

Action                   |  1- 3 |  4- 6 |  7- 9 || total
-------------------------+-------+-------+-------++-------
Melee: Flail             |   109 |   391 |   155 ||   655
  Use: Scroll            |       |     1 |       ||     1
  Eat: Chunk             |     1 |    10 |     4 ||    15
       Royal jelly       |       |     1 |       ||     1
Armor: Scale mail        |    61 |   262 |    63 ||   386
Dodge: Dodged            |    40 |   173 |    31 ||   244
Block: Shield            |    48 |   275 |    69 ||   392
